 Dungeon Sprint DCSS version 0.28-a0-628-g3c9886e45e (webtiles) character file.

Game seed: 11684834712565885266

117 SkeletonJelly the Cutter (level 5, -12/37 HPs)
             Began as a Kobold Fighter on Oct 8, 2021.
             Was a Follower of Uskayaw.
             Mangled by a two-headed ogre (25 damage)
             ... in the Dungeon (Sprint IX: "|||||||||||||||||||||||||||||").
             The game lasted 00:02:00 (314 turns).

SkeletonJelly the Cutter (Kobold Fighter)            Turns: 314, Time: 00:02:00

Health: -12/37     AC: 11    Str: 13    XL:     5   Next: 22%
Magic:  5/5        EV: 12    Int:  9    God:    Uskayaw [*.....]
Gold:   0          SH:  6    Dex: 16    Spells: 4/4 levels left

rFire   . . .      SeeInvis .   o - +2 rapier (distort)
rCold   . . .      Faith    .   c - +0 buckler
rNeg    . . .      Spirit   .   s - +1 scale mail
rPois   .          Reflect  .   r - +0 helmet
rElec   .          Harm     .   (no cloak)
rCorr   .          Rampage  .   (no gloves)
Will    .....      NoTele   +   (no boots)
Stlth   +.........              (no amulet)
HPRegen 0.12/turn               t - +2 ring of evasion
MPRegen 0.09/turn               u - +2 ring of protection

@: no status effects
A: small, no large weapons, nightstalker 3
a: Renounce Religion, Stomp


You were in the Dungeon.
You worshipped Uskayaw.
Uskayaw was noncommittal.
You visited 1 branch

Inventory:

Hand Weapons
 a - a +0 rapier
 n - a +0 lajatang
 o - a +2 rapier of distortion (weapon)
 p - a +2 scimitar of flaming
 q - the +3 war axe of the Original Sin {speed, Fly}
   (You found it in the Dungeon)

   Attacks with this weapon are significantly faster.
   Fly:       It grants you flight.
Armour
 b - a +0 scale mail
 c - a +0 buckler (worn)
 i - a +0 leather armour
 r - a +0 helmet (worn)
 s - a +1 scale mail (worn)
Jewellery
 t - a +2 ring of evasion (left hand)
 u - a +2 ring of protection (right hand)
Wands
 m - a wand of acid (8)
Scrolls
 j - 2 scrolls of blinking
 l - 2 scrolls of amnesia
Potions
 d - a potion of might
 e - 5 potions of curing
 f - 3 potions of heal wounds
 g - a potion of haste
 h - 4 potions of magic
 k - a potion of invisibility


   Skills:
 - Level 6.7 Fighting
 - Level 7.7 Short Blades
 - Level 3.9 Armour
 - Level 4.0 Shields
 + Level 0.0 Invocations


You had 4 spell levels left.
You didn't know any spells.
Your spell library was empty.

Dungeon Overview and Level Annotations

Branches:
Dungeon (1/1)

Altars:
Cheibriados
Dithmenos
Elyvilon
Fedhas
Gozag
Hepliaklqana
Kikubaaqudgha
Makhleb
Nemelex Xobeh
Okawaru
Qazlal
Ru
Sif Muna
Trog
Uskayaw
Vehumet
Wu Jian
Xom
Yredelemnul
Zin
The Shining One
Beogh
Jiyva
Lugonu


Innate Abilities, Weirdness & Mutations

You are small and have problems with some larger weapons.
You are completely attuned to the shadows.


Message History

There is a burning altar of Makhleb here.
Found a shimmering blue altar of Sif Muna.
There is a sparkling altar of Nemelex Xobeh here.
Found a bloodstained altar of Trog.
There is an iron altar of Okawaru here.
Found a hide-covered altar of Uskayaw.
There is a stormy altar of Qazlal here.
Found a radiant altar of Vehumet.
There is a sacrificial altar of Ru here.
Found an ornate altar of the Wu Jian Council.
There is a shimmering blue altar of Sif Muna here.
Found a shimmering altar of Xom.
There is a bloodstained altar of Trog here.
Found a basalt altar of Yredelemnul.
There is a hide-covered altar of Uskayaw here.
You kneel at the altar of Uskayaw.
Uskayaw welcomes you!
Found a glowing silver altar of Zin.
There is a radiant altar of Vehumet here.
Found a glowing golden altar of the Shining One.
There is an ornate altar of the Wu Jian Council here.
There is a shimmering altar of Xom here.
There is a basalt altar of Yredelemnul here.
There is a glowing silver altar of Zin here.
There is a glowing golden altar of the Shining One here.
As you open the door, it creaks loudly!
Found 2 potions of magic, 2 scrolls of amnesia and a +2 scimitar of flaming.
There is an open door here.
Found a +0 helmet.
h - 4 potions of magic (gained 2);
k - a potion of invisibility
f - 3 potions of heal wounds (gained 2);
e - 5 potions of curing (gained 4)
Found a +0 barding.
l - 2 scrolls of amnesia;
j - 2 scrolls of blinking (gained 1) Health restored: 37
Found a +1 scale mail.
m - a wand of acid (10)
Items here: )))))).
n - a +0 lajatang;
o - a +2 rapier of distortion;
p - a +2 scimitar of flaming
q - the +3 war axe of the Original Sin {speed, Fly} Really wield
o - a +2 rapier of distortion?
Space warps around you for a moment!
o - a +2 rapier of distortion (weapon)
Found a +2 ring of evasion.
Found a +2 ring of protection.
r - a +0 helmet You start putting on your armour.
You continue putting on your +0 helmet. x4
You finish putting on your +0 helmet.
You see here a +0 barding.
You see here a +1 scale mail.
s - a +1 scale mail You start removing your armour.
You continue taking off your +0 scale mail. x4
You finish taking off your +0 scale mail.
You start putting on your armour.
You continue putting on your +1 scale mail. x5
You finish putting on your +1 scale mail.
t - a +2 ring of evasion
u - a +2 ring of protection
t - a +2 ring of evasion (left hand)
u - a +2 ring of protection (right hand)
Your library has no spells.
Unknown command.
Unknown command.
Unknown command.
Okay, then.
You open the door. 2 two-headed ogres and a zombie come into view.
The two-headed ogre shouts in stereo! x2
The bat zombie moves out of view.
A centaur comes into view.
Aiming: Corrosive Bolt
Press: ? - help, Shift-Dir - straight line, f - two-headed ogre
Aim: a two-headed ogre, wielding two +0 giant spiked clubs (86% to hit)
The bolt of acid hits the two-headed ogre!
The acid corrodes the two-headed ogre!
The two-headed ogre is moderately wounded.
The bolt of acid hits the two-headed ogre!
The acid corrodes the two-headed ogre!
The two-headed ogre is moderately wounded.
The bolt of acid hits the centaur!
The centaur is heavily wounded.
You hear two shouts!
You hear a shout!
The two-headed ogre hits you with a +0 giant spiked club! x2
You can now stomp with the beat.
You take 25 damage, and have 12/37 hp.
MASSIVE DAMAGE!!
Aiming: Corrosive Bolt
Press: ? - help, Shift-Dir - straight line, f/p - two-headed ogre
Aim: a two-headed ogre, wielding two +0 giant spiked clubs (moderately wounded, covered in acid, 86% to hit)
The bolt of acid hits the two-headed ogre!!
The two-headed ogre seems to be corroded for longer.
The two-headed ogre is heavily wounded.
The bolt of acid hits the two-headed ogre!
The two-headed ogre is heavily wounded.
The bolt of acid hits the centaur!
The acid corrodes the centaur!
You kill the centaur!
A two-headed ogre comes into view.
It is wielding a +0 giant club and a +0 dire flail.
You block the two-headed ogre's attack.
The two-headed ogre hits you with a +0 giant spiked club!!
Ouch! That really hurt!
You die...

▓.▓
▓.▓
▓)▓
▓.▓
▓.▓
▓[▓
▓.▓
▓.▓
▓@▓
▓O▓
▓O▓
▓.▓
▓O▓


You could see 3 two-headed ogres.

Vanquished Creatures
  An ogre (D)
  A centaur (D)
  A jelly (D)
  2 orcs (D)
  An endoplasm (D)
  2 hobgoblins (D)
  A quokka (D)
  A bat (D)
  A quokka skeleton (D)
11 creatures vanquished.

Notes
Turn   | Place    | Note
-------+----------+-------------------------------------------
     0 | D        | SkeletonJelly the Kobold Fighter began the quest for the
                  | Orb.
     0 | D        | Reached XP level 1. HP: 14/14 MP: 1/1
     5 | D        | Reached skill level 3 in Short Blades
    22 | D        | Reached XP level 2. HP: 17/20 MP: 2/2
    78 | D        | Reached skill level 5 in Fighting
    78 | D        | Reached skill level 5 in Short Blades
    78 | D        | Reached XP level 3. HP: 15/26 MP: 3/3
    90 | D        | Noticed an ogre
   103 | D        | Killed an ogre
   104 | D        | Reached skill level 7 in Short Blades
   104 | D        | Reached XP level 4. HP: 18/32 MP: 4/4
   104 | D        | Reached XP level 5. HP: 21/37 MP: 5/5
   248 | D        | Found a snail-covered altar of Cheibriados.
   248 | D        | Found a shadowy altar of Dithmenos.
   249 | D        | Found a white marble altar of Elyvilon.
   250 | D        | Found a blossoming altar of Fedhas.
   251 | D        | Found an opulent altar of Gozag.
   252 | D        | Found a hazy altar of Hepliaklqana.
   253 | D        | Found a viscous altar of Jiyva.
   254 | D        | Found an ancient bone altar of Kikubaaqudgha.
   255 | D        | Found a corrupted altar of Lugonu.
   256 | D        | Found a burning altar of Makhleb.
   257 | D        | Found a sparkling altar of Nemelex Xobeh.
   258 | D        | Found an iron altar of Okawaru.
   259 | D        | Found a stormy altar of Qazlal.
   260 | D        | Found a sacrificial altar of Ru.
   261 | D        | Found a shimmering blue altar of Sif Muna.
   262 | D        | Found a bloodstained altar of Trog.
   263 | D        | Found a hide-covered altar of Uskayaw.
   264 | D        | Found a radiant altar of Vehumet.
   265 | D        | Found an ornate altar of the Wu Jian Council.
   266 | D        | Found a shimmering altar of Xom.
   267 | D        | Found a basalt altar of Yredelemnul.
   268 | D        | Became a worshipper of Uskayaw the Reveller
   269 | D        | Found a glowing silver altar of Zin.
   270 | D        | Found a glowing golden altar of the Shining One.
   283 | D        | Got the +3 war axe of the Original Sin {speed, Fly}
   312 | D        | Noticed a two-headed ogre
   312 | D        | Noticed a two-headed ogre
   313 | D        | Noticed a centaur
   313 | D        | Reached * piety under Uskayaw
   314 | D        | Killed a centaur
   314 | D        | Noticed a two-headed ogre
   314 | D        | Mangled by a two-headed ogre

Illustrated notes

Levels and vault maps discovered:
D:        linesprint [early_d, line_temple, items_1, d_10, items_2, lair_1,
          lair_end, items_3, orc_1, orc_end, items_4, d_15, swamp_1, shoals_1,
          snake_1, spider_1, d_20, vaults_1, items_5, swamp_end, shoals_end,
          snake_end, spider_end, vaults_end, d_27, items_6, zot_1, zot_end,
          crypt_end, forest_end, elf_end, slime_end, tomb_end, abyss_end,
          pan_hell_end]

Skill      XL: |  1  2  3 |
---------------+----------+-----
Short Blades   | 3 5 7 |  7.7
Fighting       | 4 5 6 |  6.7
Armour         | 3 |  3.9
Shields        | 3 4 |  4.0

Action                   |  1- 3 |  4- 6 || total
-------------------------+-------+-------++-------
Melee: Rapier            |    37 |     3 ||    40
Evoke: Wand              |       |     2 ||     2
  Use: Potion            |     1 |       ||     1
Armor: Scale mail        |    10 |     2 ||    12
Dodge: Dodged            |    12 |     1 ||    13
Block: Buckler           |     8 |     1 ||     9

Table legend: (Time is in decaauts)
 A = Elapsed time spent in this place.
 B = Non-inter-level travel time spent in this place.
 C = Inter-level travel time spent in this place.
 D = Time resting spent in this place.
 E = Time spent auto-exploring this place.
 F = Levels seen in this place.
 G = Mean time per level.
                   A        B        C        D        E       F      G
               +--------+--------+--------+--------+--------+-----+--------+
         Total |    325 |    325 |      0 |    127 |     53 |   1 |  325.0 |
       Dungeon |    325 |    325 |      0 |    127 |     53 |   1 |  325.0 |
               +--------+--------+--------+--------+--------+-----+--------+

Top non-repeatable levels by time:
       D: 325 daAuts
